 Dungeon Crawl Stone Soup version 0.21.1-1-g345015fe64 (webtiles) character file.

3272 Hercules1031 the Blocker (level 10, -9/80 HPs)
             Began as a Gnoll Fighter on June 21, 2018.
             Was a Follower of Ashenzari.
             Mangled by a yaktaur captain (11 damage)
             ... on level 8 of the Dungeon.
             The game lasted 00:30:27 (5668 turns).

Hercules1031 the Blocker (Gnoll Fighter)            Turns: 5668, Time: 00:30:28

Health: -9/80      AC: 13    Str: 21    XL:     10   Next: 0%
Magic:  17/17      EV: 11    Int: 10    God:    Ashenzari [*.....]
Gold:   392        SH: 12    Dex: 16    Spells: 7/18 levels left

rFire    . . .     SeeInvis .   u - +3 scimitar (curse)
rCold    . . .     Gourm    .   c - +1 shield (curse)
rNeg     . . .     Faith    .   b - +0 scale mail
rPois    .         Spirit   .   (no helmet)
rElec    .         Reflect  .   (no cloak)
rCorr    .         Harm     .   i - +2 pair of gloves (curse)
MR       .....                  (no boots)
Stlth    +++.......             e - amulet of rage
HPRegen  0.23/turn              r - ring of stealth
MPRegen  0.15/turn              k - +2 ring of protection (curse)

@: no status effects
A: distributed training, fangs 1, strong nose
a: Curse Item, Scrying, Renounce Religion, Evoke Berserk Rage


You were on level 8 of the Dungeon.
You worshipped Ashenzari.
Ashenzari was aware of your devotion.
You were not hungry.

You visited 1 branch of the dungeon, and saw 8 of its levels.

You collected 392 gold pieces.

Inventory:

Hand Weapons
 a - a +1 war axe
 n - a +2 lajatang of protection
 u - a cursed +3 scimitar (weapon)
Armour
 b - a +0 scale mail (worn)
 c - a cursed +1 shield (worn)
 i - a cursed +2 pair of gloves (worn)
Jewellery
 e - an amulet of rage (around neck)
 k - a cursed +2 ring of protection (right hand)
 r - a ring of stealth (left hand)
Wands
 l - a wand of acid (9)
Scrolls
 h - 3 scrolls of teleportation
 p - 2 scrolls of magic mapping
 q - 4 scrolls of identify
 s - a scroll of blinking
 x - 3 scrolls of amnesia
Potions
 d - a potion of might
 g - a potion of heal wounds
 j - 2 potions of curing
Books
 m - a book of Battle

   Spells                             Type                      Level
   a - Infusion                       Charms                       1
   b - Shroud of Golubria             Charms/Translocation         2
   c - Song of Slaying                Charms                       2
   d - Spectral Weapon                Hexes/Charms                 3
   e - Regeneration                   Charms/Necromancy            3
Comestibles
 f - 11 rations


   Skills:
 + Level 8.1 Fighting
 + Level 4.7 Short Blades
 + Level 4.7 Long Blades
 + Level 6.6 Axes
 + Level 4.7 Maces & Flails
 + Level 4.7 Polearms
 + Level 4.7 Staves
 + Level 4.7 Slings
 + Level 4.7 Bows
 + Level 4.7 Crossbows
 + Level 4.7 Throwing
 + Level 8.1 Armour
 + Level 4.7 Dodging
 + Level 4.7 Stealth
 + Level 8.1 Shields
 + Level 4.7 Unarmed Combat
 + Level 4.7 Spellcasting
 + Level 3.9 Conjurations
 + Level 3.9 Hexes
 + Level 3.9 Charms
 + Level 3.9 Summonings
 + Level 3.9 Necromancy
 + Level 3.9 Translocations
 + Level 3.9 Transmutations
 + Level 3.9 Fire Magic
 + Level 3.9 Ice Magic
 + Level 3.9 Air Magic
 + Level 3.9 Earth Magic
 + Level 3.9 Poison Magic
 + Level 5.1 Invocations
 + Level 4.7 Evocations


You had 7 spell levels left.
You knew the following spells:

 Your Spells              Type           Power        Failure   Level  Hunger
a - Infusion              Chrm           ##..         26%         1    #......
b - Spectral Weapon       Hex/Chrm       ##......     63%         3    ###....
c - Regeneration          Chrm/Necr      ##........   63%         3    ###....
d - Song of Slaying       Chrm           ##......     38%         2    ##.....
e - Shroud of Golubria    Chrm/Tloc      ##........   38%         2    ##.....


Dungeon Overview and Level Annotations

Branches:
Dungeon (8/15)             Temple (0/1) D:5
   Lair: D:8-11

Altars:
Ashenzari
Dithmenos


Innate Abilities, Weirdness & Mutations

Your experience applies equally to all skills.
You have very sharp teeth.
Your uncanny sense of smell can sniff out nearby items.


Message History

The freezing wraith is lightly damaged.
You barely miss the yaktaur captain. Your bite misses the yaktaur captain.
The yaktaur captain hits you!
You slash the yaktaur captain!
The yaktaur captain is lightly wounded.
The yaktaur captain hits you!
You hit the yaktaur captain.
The yaktaur captain is moderately wounded.
The yaktaur captain hits you!!
* * * LOW HITPOINT WARNING * * *
You hit the yaktaur captain.
You bite the yaktaur captain, but do no damage.
The yaktaur captain is moderately wounded.
The yaktaur captain hits you!
* * * LOW HITPOINT WARNING * * *
You slash the yaktaur captain!
The yaktaur captain is moderately wounded.
The yaktaur captain hits you but does no damage.
The yaktaur captain hits you!
You die...

#.....# .. .#
####(#### ######.#
#(().###......#
#####...(......#
##DH######.....##
#)cO##...#.....#
#ceW#.# .#..(..#
###c# #.#.....#####
##@###.##..........
#.###...####.......
#.##..#.# #.......
#...#...# #.......
######.## #.......
###..#####.....[.
#................
#......##########
#.._...#


You could see a fire dragon, a yaktaur captain, a centaur warrior, an ogre mage,
a deep elf archer, a manticore, a yaktaur and a freezing wraith.

Vanquished Creatures
  The ghost of Greboboi the Ruffian, a novice TrTm (D:6)
  2 hippogriffs (D:8)
  Sigmund (D:2)
  Eustachio (D:4)
  2 ice beasts
  An ogre (D:4)
  A phantom (D:4)
  3 centaurs
  5 bullfrogs
  A water moccasin zombie (D:8)
  A scorpion (D:6)
  3 wights (D:6)
  A centaur zombie (D:5)
  5 crimson imps
  A hound (D:7)
  A bullfrog zombie (D:8)
  3 jellies
  An orc priest (D:4)
  A centaur skeleton (D:7)
  Ijyb (D:4)
  An iguana (D:6)
  4 worker ants
  3 orc wizards
  A killer bee zombie (D:8)
  7 gnolls
  11 adders
  6 river rats (D:4)
  2 oozes
  An adder zombie (D:4)
  4 worms
  A dart slug (D:1)
  6 leopard geckos
  16 orcs
  A ball python (D:4)
  7 giant cockroaches
  7 goblins
  5 hobgoblins
  7 jackals
  12 kobolds
  5 quokkas
  A ball python skeleton (D:4)
  3 bats
  5 frilled lizards
  A jackal skeleton (D:8)
  A quokka skeleton (D:5)
  19 rats
173 creatures vanquished.

Vanquished Creatures (others)
  A big kobold (D:8)
1 creature vanquished.

Grand Total: 174 creatures vanquished

Notes
Turn   | Place    | Note
-------+----------+-------------------------------------------
     0 | D:1      | Hercules1031 the Gnoll Fighter began the quest for the Orb.
     0 | D:1      | Reached XP level 1. HP: 23/23 MP: 1/1
   147 | D:1      | Reached XP level 2. HP: 29/29 MP: 2/2
   500 | D:1      | Reached XP level 3. HP: 35/35 MP: 3/3
   744 | D:2      | Reached skill level 1 in Invocations
   747 | D:2      | Reached skill level 1 in Short Blades
   747 | D:2      | Reached skill level 1 in Long Blades
   747 | D:2      | Reached skill level 1 in Maces & Flails
   747 | D:2      | Reached skill level 1 in Polearms
   747 | D:2      | Reached skill level 1 in Staves
   747 | D:2      | Reached skill level 1 in Slings
   747 | D:2      | Reached skill level 1 in Bows
   747 | D:2      | Reached skill level 1 in Crossbows
   747 | D:2      | Reached skill level 1 in Throwing
   747 | D:2      | Reached skill level 1 in Dodging
   747 | D:2      | Reached skill level 1 in Stealth
   747 | D:2      | Reached skill level 1 in Unarmed Combat
   747 | D:2      | Reached skill level 1 in Spellcasting
   747 | D:2      | Reached skill level 1 in Evocations
   756 | D:2      | Reached XP level 4. HP: 7/41 MP: 5/5
  1390 | D:2      | Noticed Sigmund
  1404 | D:2      | Killed Sigmund
  1404 | D:2      | Reached skill level 1 in Conjurations
  1404 | D:2      | Reached skill level 1 in Hexes
  1404 | D:2      | Reached skill level 1 in Charms
  1404 | D:2      | Reached skill level 1 in Summonings
  1404 | D:2      | Reached skill level 1 in Necromancy
  1404 | D:2      | Reached skill level 1 in Translocations
  1404 | D:2      | Reached skill level 1 in Transmutations
  1404 | D:2      | Reached skill level 1 in Fire Magic
  1404 | D:2      | Reached skill level 1 in Ice Magic
  1404 | D:2      | Reached skill level 1 in Air Magic
  1404 | D:2      | Reached skill level 1 in Earth Magic
  1404 | D:2      | Reached skill level 1 in Poison Magic
  1404 | D:2      | Reached XP level 5. HP: 35/47 MP: 5/7
  1404 | D:2      | Reached XP level 6. HP: 40/53 MP: 5/8
  1696 | D:3      | Found a shattered altar of Ashenzari.
  1828 | D:3      | Became a worshipper of Ashenzari the Shackled
  2388 | D:4      | Reached skill level 5 in Axes
  2589 | D:4      | Noticed a phantom
  2638 | D:4      | Killed a phantom
  2638 | D:4      | Reached XP level 7. HP: 34/59 MP: 10/10
  2741 | D:4      | Noticed Eustachio
  2816 | D:4      | Killed Eustachio
  2924 | D:4      | Noticed Ijyb
  2962 | D:4      | Killed Ijyb
  3222 | D:5      | Entered Level 5 of the Dungeon
  3257 | D:5      | Reached XP level 8. HP: 59/67 MP: 12/12
  3681 | D:5      | Found a staircase to the Ecumenical Temple.
  4066 | D:6      | Noticed Greboboi's ghost (novice TrTm)
  4094 | D:6      | Killed Greboboi's ghost
  4094 | D:6      | Reached XP level 9. HP: 72/72 MP: 12/14
  4916 | D:7      | Reached * piety under Ashenzari
  5136 | D:7      | Learned a level 1 spell: Infusion
  5140 | D:7      | Learned a level 3 spell: Spectral Weapon
  5144 | D:7      | Learned a level 3 spell: Regeneration
  5147 | D:7      | Learned a level 2 spell: Song of Slaying
  5150 | D:7      | Learned a level 2 spell: Shroud of Golubria
  5523 | D:8      | Reached skill level 5 in Invocations
  5624 | D:8      | Reached XP level 10. HP: 58/80 MP: 17/17
  5631 | D:8      | Found a shadowy altar of Dithmenos.
  5658 | D:8      | Noticed a manticore
  5658 | D:8      | Noticed a yaktaur captain
  5659 | D:8      | Identified the +10 falchion "Hudunyte" {speed, +Fly rElec rPois Str-2}
  5659 | D:8      | Found a runed door.
  5661 | D:8      | Noticed a centaur warrior
  5661 | D:8      | Noticed a fire dragon
  5661 | D:8      | Noticed an ogre mage
  5661 | D:8      | Noticed a deep elf archer
  5662 | D:8      | Identified the cursed +1 glaive "Qoyllem" {protect, +Inv Dex+4}
  5667 | D:8      | HP: 2/80 [yaktaur captain (15)]
  5668 | D:8      | Mangled by a yaktaur captain

Skill      XL: |  1  2  3  4  5  6  7  8  9 |
---------------+----------------------------+-----
Invocations    | 1 2 3 4 5 |  5.1
Short Blades   | 1 2 3 4 |  4.7
Long Blades    | 1 2 3 4 |  4.7
Maces & Flails | 1 2 3 4 |  4.7
Polearms       | 1 2 3 4 |  4.7
Staves         | 1 2 3 4 |  4.7
Slings         | 1 2 3 4 |  4.7
Bows           | 1 2 3 4 |  4.7
Crossbows      | 1 2 3 4 |  4.7
Throwing       | 1 2 3 4 |  4.7
Dodging        | 1 2 3 4 |  4.7
Stealth        | 1 2 3 4 |  4.7
Unarmed Combat | 1 2 3 4 |  4.7
Spellcasting   | 1 2 3 4 |  4.7
Evocations     | 1 2 3 4 |  4.7
Conjurations   | 1 2 3 |  3.9
Hexes          | 1 2 3 |  3.9
Charms         | 1 2 3 |  3.9
Summonings     | 1 2 3 |  3.9
Necromancy     | 1 2 3 |  3.9
Translocations | 1 2 3 |  3.9
Transmutations | 1 2 3 |  3.9
Fire Magic     | 1 2 3 |  3.9
Ice Magic      | 1 2 3 |  3.9
Air Magic      | 1 2 3 |  3.9
Earth Magic    | 1 2 3 |  3.9
Poison Magic   | 1 2 3 |  3.9
Axes           | 5 6 |  6.6
Fighting       | 7 8 |  8.1
Armour         | 7 8 |  8.1
Shields        | 7 8 |  8.1

Action                   |  1- 3 |  4- 6 |  7- 9 | 10-12 || total
-------------------------+-------+-------+-------+-------++-------
Melee: War axe           |    65 |   142 |   257 |       ||   464
       Bite              |     9 |    13 |    47 |     2 ||    71
       Rapier            |       |       |    72 |       ||    72
       Scimitar          |       |       |   131 |     6 ||   137
Invok: Curse Item        |       |     2 |     2 |       ||     4
  Use: Scroll            |     1 |     9 |     6 |       ||    16
       Potion            |     1 |     5 |    11 |       ||    17
 Stab: Sleeping          |       |       |     3 |       ||     3
  Eat: Ration            |     1 |     1 |     4 |       ||     6
Armor: Scale mail        |    25 |    45 |   188 |     1 ||   259
Dodge: Dodged            |    27 |    46 |   198 |       ||   271
Block: Shield            |    40 |    78 |   306 |       ||   424
       Rpst.: Scimitar   |       |       |    18 |       ||    18
